 Dungeon Sprint DCSS version 0.23-a0-321-g6bcb69f (webtiles) character file.

618 emperorscorpion the Cutter (level 7, -1/41 HPs)
             Began as a Vine Stalker Warper on Oct 15, 2018.
             Was an Initiate of Ru.
             Killed by mirror damage (7 damage)
             ... in the Dungeon (Sprint IX: "|||||||||||||||||||||||||||||").
             The game lasted 00:01:37 (160 turns).

emperorscorpion the Cutter (Vine Stalker Warper)     Turns: 160, Time: 00:01:37

Health: -1/41      AC:  9    Str: 16    XL:     7   Next: 45%
Magic:  0/18       EV: 15    Int: 13    God:    Ru [......]
Gold:   0          SH:  0    Dex: 19    Spells: 11/19 levels left

rFire    . . .     SeeInvis .   a - +2 rapier (distort)
rCold    . . .     Gourm    .   (no shield)
rNeg     . . .     Faith    .   s - +2 ring mail
rPois    .         Spirit   +   r - +0 helmet
rElec    .         Reflect  .   (no cloak)
rCorr    .         Harm     .   (no gloves)
MR       .....     NoTele   +   q - +0 pair of boots
Stlth    +.........             (no amulet)
HPRegen  0.53/turn              t - +3 ring of dexterity
MPRegen  0.16/turn              u - +3 ring of strength

@: no status effects
A: fangs 2, regeneration 1, magic shield, antimagic bite, no potion heal 3, rot
immunity
a: Renounce Religion


You were in the Dungeon.
You worshipped Ru.
Ru was noncommittal.
You were not hungry.

You visited 1 branch

Inventory:

Hand Weapons
 a - a +2 rapier of distortion (weapon)
 o - a +0 short sword
 p - a +2 scimitar of holy wrath
Missiles
 e - 5 tomahawks of dispersal (quivered)
Armour
 b - a +0 leather armour
 q - a +0 pair of boots (worn)
 r - a +0 helmet (worn)
 s - a +2 ring mail (worn)
Magical Staves
 n - an uncursed staff of energy
Jewellery
 t - a +3 ring of dexterity (left hand)
 u - a +3 ring of strength (right hand)
Wands
 m - a wand of acid (4)
Scrolls
 d - 3 scrolls of blinking
 k - 3 scrolls of remove curse
 l - 2 scrolls of amnesia
Potions
 c - a potion of invisibility
 g - 5 potions of curing
 h - 3 potions of heal wounds
 i - a potion of haste
 j - 4 potions of magic
Comestibles
 f - a ration
 v - 3 chunks of flesh


   Skills:
 + Level 6.6 Fighting
 + Level 7.6 Short Blades
 + Level 2.5 Throwing
 + Level 3.1 Armour
 + Level 5.7 Dodging
 + Level 6.7 Spellcasting
 + Level 5.7 Translocations
 + Level 0.3 Evocations


You had 11 spell levels left.
You knew the following spells:

 Your Spells              Type           Power        Failure   Level  Hunger
a - Shroud of Golubria    Chrm/Tloc      ##........   14%         2    #......
b - Blink                 Tloc           N/A          4%          2    #......
c - Passage of Golubria   Tloc           N/A          28%         4    ####...

Your spell library contained the following spells:

 Spells                   Type           Power        Failure   Level  Hunger
 Gell's Gravitas          Tloc           ###.......   9%          3    ###....
 Lesser Beckoning         Tloc           ###.......   9%          3    ###....
 Teleport Other           Tloc           ###.....     9%          3    ###....


Dungeon Overview and Level Annotations

Branches:
Dungeon (1/1)

Altars:
Cheibriados
Dithmenos
Elyvilon
Fedhas
Gozag
Hepliaklqana
Kikubaaqudgha
Makhleb
Nemelex Xobeh
Okawaru
Qazlal
Ru
Sif Muna
Trog
Uskayaw
Vehumet
Wu Jian
Xom
Yredelemnul
Zin
The Shining One
Beogh
Jiyva
Lugonu


Innate Abilities, Weirdness & Mutations

You have extremely sharp teeth.
Your natural rate of healing is unusually fast.
When hurt, damage is shared between your health and your magic reserves.
Your bite disrupts and absorbs the magic of your enemies.
Potions cannot restore your health.
You are immune to rotting.


Message History

The bolt of acid hits the hornet.
The hornet is splashed with acid.
The acid corrodes the hornet!
The hornet is heavily wounded.
The death knight hits you from afar with a +4 glaive!!
Ouch! That really hurt!
* * * LOW HITPOINT WARNING * * *
Evoke which item? (* to show all) (? for menu, Esc to quit)
Huh?
Evoke which item? (* to show all) (? for menu, Esc to quit)
You don't have any such object.
Evoke which item? (* to show all) (? for menu, Esc to quit)
Aiming: Corrosive Bolt
Press: ? - help, Shift-Dir - straight line, f/p - death knight
Aim: a death knight, wielding a +4 glaive and wearing a +0 chain mail The bolt of acid hits the death knight.
The death knight is splashed with acid.
The acid corrodes the death knight!
The death knight is severely wounded.
The bolt of acid misses the hornet.
The death knight reflects your damage back at you!
You die... ▓▓▓▓▓▓▓▓▓▓▓▓▓▓▓▓▓▓▓▓▓▓▓▓ ....yp)@.....÷.)...)...' ▓▓▓▓▓▓▓▓▓▓▓▓▓▓▓▓▓▓▓▓▓▓▓▓

You could see a death knight and a hornet.

Vanquished Creatures
  A troll (D)
  A vampire mosquito (D)
  2 ogres (D)
  A killer bee (D)
  A howler monkey (D)
  An orc priest (D)
  An adder (D)
  2 orcs (D)
  2 bat zombies (D)
  A jackal (D)
  2 frilled lizards (D)
  2 kobolds (D)
  A rat (D)
18 creatures vanquished.

Notes
Turn   | Place    | Note
-------+----------+-------------------------------------------
     0 | D        | emperorscorpion the Vine Stalker Warper began the quest for
                  | the Orb.
     0 | D        | Reached XP level 1. HP: 11/11 MP: 4/4
    10 | D        | Reached skill level 2 in Short Blades
    12 | D        | Reached skill level 1 in Throwing
    19 | D        | Noticed an orc priest
    19 | D        | Noticed an ogre
    22 | D        | Killed an ogre
    22 | D        | Reached skill level 4 in Short Blades
    22 | D        | Reached skill level 1 in Armour
    22 | D        | Reached XP level 2. HP: 17/17 MP: 5/8
    22 | D        | Reached XP level 3. HP: 21/21 MP: 6/10
    22 | D        | Gained mutation: Your natural rate of healing is unusually
                  | fast. [Vine Stalker growth]
    22 | D        | Reached XP level 4. HP: 25/25 MP: 6/11
    30 | D        | Reached skill level 5 in Spellcasting
    31 | D        | Reached XP level 5. HP: 29/29 MP: 10/13
    37 | D        | Found a roughly hewn altar of Beogh.
    37 | D        | Found a snail-covered altar of Cheibriados.
    37 | D        | Found a shadowy altar of Dithmenos.
    37 | D        | Found a white marble altar of Elyvilon.
    37 | D        | Found a blossoming altar of Fedhas.
    37 | D        | Found an opulent altar of Gozag.
    38 | D        | Found a hazy altar of Hepliaklqana.
    39 | D        | Found a viscous altar of Jiyva.
    40 | D        | Found an ancient bone altar of Kikubaaqudgha.
    41 | D        | Found a corrupted altar of Lugonu.
    42 | D        | Found a burning altar of Makhleb.
    43 | D        | Found a sparkling altar of Nemelex Xobeh.
    44 | D        | Found an iron altar of Okawaru.
    45 | D        | Found a stormy altar of Qazlal.
    46 | D        | Found a sacrificial altar of Ru.
    47 | D        | Found a deep blue altar of Sif Muna.
    48 | D        | Found a bloodstained altar of Trog.
    49 | D        | Found a hide-covered altar of Uskayaw.
    50 | D        | Found a radiant altar of Vehumet.
    51 | D        | Found an ornate altar of the Wu Jian Council.
    52 | D        | Found a shimmering altar of Xom.
    53 | D        | Found a basalt altar of Yredelemnul.
    54 | D        | Found a glowing silver altar of Zin.
    56 | D        | Became a worshipper of Ru the Awakened
    58 | D        | Found a glowing golden altar of the Shining One.
   110 | D        | Noticed an ogre
   110 | D        | Noticed a sky beast
   113 | D        | Reached skill level 5 in Short Blades
   122 | D        | Killed an ogre
   122 | D        | Reached skill level 5 in Fighting
   122 | D        | Reached skill level 6 in Short Blades
   122 | D        | Reached XP level 6. HP: 28/35 MP: 11/15
   137 | D        | Learned a level 2 spell: Blink
   140 | D        | Learned a level 2 spell: Shroud of Golubria
   145 | D        | Learned a level 4 spell: Passage of Golubria
   147 | D        | Noticed a hornet
   147 | D        | Noticed a death knight
   147 | D        | Noticed a troll
   147 | D        | Noticed a vampire mosquito
   155 | D        | Killed a vampire mosquito
   155 | D        | Reached skill level 7 in Short Blades
   155 | D        | Reached skill level 5 in Dodging
   158 | D        | Killed a troll
   158 | D        | Reached skill level 5 in Translocations
   158 | D        | Reached XP level 7. HP: 35/41 MP: 14/18
   160 | D        | Killed by mirror damage

Vault maps used:
D:        linesprint

Skill      XL: |  1  2  3  4  5  6 |
---------------+-------------------+-----
Short Blades   | 4 6 7 |  7.6
Throwing       | 1 2 |  2.5
Fighting       | 3 4 5 6 |  6.6
Armour         | 1 2 3 |  3.1
Dodging        | 3 4 5 |  5.7
Spellcasting   | 4 5 6 |  6.7
Translocations | 5 |  5.7
Evocations     | |  0.3

Action                   |  1- 3 |  4- 6 |  7- 9 || total
-------------------------+-------+-------+-------++-------
Melee: Short sword       |    11 |     8 |       ||    19
       Bite              |     2 |    17 |       ||    19
       Rapier            |       |    23 |       ||    23
Evoke: Wand              |       |     3 |     3 ||     6
  Use: Potion            |     1 |       |       ||     1
Armor: Leather armour    |     3 |     2 |       ||     5
       Ring mail         |       |     7 |       ||     7
Dodge: Dodged            |     3 |    17 |       ||    20

Table legend:
 A = Non-vault XP
 B = Vault XP
 C = Vault XP percentage of total XP
 D = Non-vault monster count
 E = Vault monster count
 F = Vault count percentage of total count
                 A         B        C        D         E       F
            +---------+---------+-------+---------+---------+-------
      Total |       0 |     883 | 100.0 |       0 |      18 | 100.0
            +---------+---------+-------+---------+---------+-------
          D |       0 |     883 | 100.0 |       0 |      18 | 100.0
            +---------+---------+-------+---------+---------+-------
